 Dungeon Crawl Stone Soup version 0.29-a0-2-g12fcac58f8 (webtiles) character file.

Game seed: 3795456009951897601

116 croobank the Skirmisher (level 5, -12/43 HPs)
             Began as a Barachi Fighter on Jan 27, 2022.
             Was an Initiate of Qazlal.
             Mangled by Sigmund (15 damage)
             ... on level 3 of the Dungeon.
             The game lasted 00:08:42 (2864 turns).

croobank the Skirmisher (Barachi Fighter)           Turns: 2864, Time: 00:08:46

Health: -12/43     AC:  7    Str: 17    XL:     5   Next: 0%
Magic:  5/5        EV:  9    Int:  9    God:    Qazlal [......]
Gold:   112        SH:  5    Dex: 13    Spells: 4/4 levels left

rFire   . . .      SeeInvis .   w - +4 hand axe
rCold   . . .      Faith    .   c - +0 buckler
rNeg    . . .      Spirit   .   b - +0 scale mail
rPois   .          Reflect  .   (no helmet)
rElec   .          Harm     .   (no cloak)
rCorr   +          Rampage  .   (no gloves)
Will    .....                   (no boots)
Stlth   ..........              (no amulet)
HPRegen 0.14/turn               v - ring of resist corrosion
MPRegen 0.09/turn               (no ring)

@: slow
A: amphibious, slowness 1, strong legs 1, +LOS
a: Hop, Renounce Religion


You were on level 3 of the Dungeon.
You worshipped Qazlal.
Qazlal was noncommittal.
You visited 1 branch of the dungeon, and saw 3 of its levels.

You collected 112 gold pieces.

Inventory:

Hand Weapons
 a - a +0 war axe
 j - a +0 club
 n - a +0 scimitar
 w - a +4 hand axe (weapon)
Missiles
 e - 3 datura-tipped darts (quivered)
 f - 44 stones
 l - 34 arrows
 o - 3 atropa-tipped darts
Armour
 b - a +0 scale mail (worn)
 c - a +0 buckler (worn)
Jewellery
 v - a ring of resist corrosion (left hand)
Wands
 s - a wand of iceblast (9)
Scrolls
 h - a scroll of blinking {unknown}
 i - a scroll of identify {unknown}
 m - a scroll of enchant armour {unknown}
 p - a scroll of teleportation {unknown}
 q - a scroll of vulnerability {unknown}
Potions
 d - a potion of attraction {unknown}
 g - a potion of flight {unknown}
 k - a potion of lignification {unknown}
 r - a potion of curing {unknown}
 t - a potion of degeneration {unknown}
 u - a potion of magic {unknown}


   Skills:
 + Level 4.5 Fighting
 + Level 3.2 Axes
 + Level 4.5 Armour
 + Level 4.1 Shields


You had 4 spell levels left.
You didn't know any spells.
Your spell library contained the following spells:

 Spells                   Type           Power      Damage    Failure   Level
 Sandblast                Erth           0%         2d4       86%         1
 Blink                    Tloc           0%         N/A       95%         2
 Iskenderun's Battlesphe  Conj           0%         2d6       100%        5
 Iron Shot                Conj/Erth      0%         9d1       100%        6
 Statue Form              Tmut/Erth      0%         N/A       100%        6
 Spellforged Servitor     Conj/Summ      0%         N/A       100%        7


Dungeon Overview and Level Annotations

Branches:
Dungeon (3/15)

Altars:
Okawaru
Qazlal

Annotations:
D:3 Sigmund


Innate Abilities, Weirdness & Mutations

You are amphibious.
You cover ground slowly.
You can hop short distances.
You have an extended range of vision and can be seen from far away.


Message History

You kill the goblin!
Qazlal accepts your kill.
You see here a +0 club.
You see here a +0 flail.
A goblin comes into view. It is wielding a +0 club.
The goblin shouts!
You hit the goblin.
You kill the goblin!
Qazlal accepts your kill.
You have reached level 5!
Things that are here:
a +0 club; a goblin corpse Sigmund the Dreaded comes into view.
He is wielding a +0 scythe.
Sigmund shouts!
Sigmund hits you but does no damage.
Throw: 4 darts (datura)
Press: ? - help, Q - select action, (/) - cycle Shift-Dir - straight line, f - Sigmund
Aim: Sigmund, wielding a +0 scythe and wearing a +0 robe (55% to hit, chance to frenzy on hit: 75%)
You throw a datura-tipped dart. The datura-tipped dart hits Sigmund.
Sigmund flies into a frenzy!
Sigmund barely misses you.
Sigmund hits you from afar with a +0 scythe!
Okay, then.
Okay, then.
You block Sigmund's attack.
Sigmund shouts!
Sigmund hits you from afar with a +0 scythe!
Sigmund completely misses you.
Sigmund hits you from afar with a +0 scythe.
A goblin comes into view. It is wielding a +0 club.
Sigmund barely misses you. You block Sigmund's attack.
The goblin barely misses you.
You closely miss the goblin.
Sigmund hits you from afar with a +0 scythe!
* * * LOW HITPOINT WARNING * * *
The goblin hits you but does no damage. The goblin hits you with a +0 club.
* * * LOW HITPOINT WARNING * * *
Sigmund hits you from afar with a +0 scythe!
You die...

###############
#.......@.@g..#
#.###########......
#.# ##.. #.# #.#
####.#### #.......#
#.#...#.# #(#.#.# #


You could see a goblin and the neutral Sigmund (fast, strong, insane).

Vanquished Creatures
  Terence (D:2)
  2 adders (D:2)
  A white imp (D:3)
  2 worms (D:2)
  A dart slug (D:2)
  2 ball pythons
  6 bats
  5 endoplasms (D:1)
  A giant cockroach (D:1)
  9 goblins
  2 hobgoblins (D:2)
  4 jackals (D:2)
  4 kobolds
  5 quokkas
  2 frilled lizards
  6 rats
53 creatures vanquished.

Vanquished Creatures (others)
  A plant (D:2)
1 creature vanquished.

Grand Total: 54 creatures vanquished

Notes
Turn   | Place    | Note
-------+----------+-------------------------------------------
     0 | D:1      | croobank the Barachi Fighter began the quest for the Orb.
     0 | D:1      | Reached XP level 1. HP: 18/18 MP: 1/1
   140 | D:1      | Reached XP level 2. HP: 23/25 MP: 2/2
   416 | D:1      | Reached XP level 3. HP: 18/30 MP: 3/3
   826 | D:2      | Noticed Terence
   854 | D:2      | Killed Terence
   860 | D:2      | Reached XP level 4. HP: 8/37 MP: 4/4
  1316 | D:2      | Got the Compendium of Unstable Earth
  1355 | D:2      | Found a faded altar of an unknown god.
  2403 | D:3      | Found an iron altar of Okawaru.
  2742 | D:3      | Found a stormy altar of Qazlal.
  2751 | D:3      | Became a worshipper of Qazlal Stormbringer
  2829 | D:3      | Reached XP level 5. HP: 43/43 MP: 5/5
  2847 | D:3      | Noticed Sigmund
  2864 | D:3      | Mangled by Sigmund

Illustrated notes

Levels and vault maps discovered:
D:1:      minmay_arrival_up_and_down, layout_loops_cross
D:2:      layout_basic, shapermc_ecumenical_altar_acropolis, uniq_terence
D:3:      layout_loops_cross, mainiacjoe_overflow_alcove_2,
          kennysheep_okawaru_gauntlet, uniq_sigmund

Skill      XL: |  1  2  3  4 |
---------------+-------------+-----
Fighting       | 4 |  4.5
Armour         | 4 |  4.5
Axes           | 3 |  3.2
Shields        | 4 |  4.1

Action                   |  1- 3 |  4- 6 || total
-------------------------+-------+-------++-------
Melee: War axe           |    56 |    62 ||   118
       Hand axe          |       |     5 ||     5
Throw: Dart              |       |     1 ||     1
 Abil: Hop               |     1 |       ||     1
  Use: Potion            |     1 |       ||     1
Armor: Scale mail        |    34 |    35 ||    69
Dodge: Dodged            |    35 |    41 ||    76
Block: Buckler           |    14 |    16 ||    30

Table legend: (Time is in decaauts)
 A = Elapsed time spent in this place.
 B = Non-inter-level travel time spent in this place.
 C = Inter-level travel time spent in this place.
 D = Time resting spent in this place.
 E = Time spent auto-exploring this place.
 F = Levels seen in this place.
 G = Mean time per level.
                   A        B        C        D        E       F      G
               +--------+--------+--------+--------+--------+-----+--------+
         Total |   3232 |   3187 |     45 |    530 |   2024 |   3 | 1077.3 |
       Dungeon |   3232 |   3187 |     45 |    530 |   2024 |   3 | 1077.3 |
               +--------+--------+--------+--------+--------+-----+--------+

Top non-repeatable levels by time:
     D:2: 1943 daAuts
     D:1: 961 daAuts
     D:3: 327 daAuts
